 Dungeon Crawl Stone Soup version 0.29-a0-1065-g47a6bb87d6 (webtiles) character file.

Game seed: 10221769414962002501

674 snarfax the Cudgeller (level 7, 0/44 HPs)
             Began as a Gargoyle Berserker on Aug 18, 2022.
             Was a Believer of Trog.
             Slain by an ogre
             ... wielding a +0 giant spiked club
              (13 damage)
             ... on level 5 of the Dungeon.
             The game lasted 00:10:15 (4918 turns).

snarfax the Cudgeller (Gargoyle Berserker)          Turns: 4918, Time: 00:10:16

Health: 0/44       AC: 11    Str: 20    XL:     7   Next: 59%
Magic:  7/7        EV: 11    Int:  8    God:    Trog [**....]
Gold:   238        SH:  0    Dex: 19    Spells: 6/6 levels left

rFire   . . .      SeeInvis .   k - +1 mace (holy)
rCold   + + .      Faith    .   (no shield)
rNeg    + + .      Spirit   .   x - +1 ring mail of Rotation {-Cast rC+ rN+ Dex+8}
rPois   ∞          Reflect  .   (no helmet)
rElec   +          Harm     .   (no cloak)
rCorr   .          Rampage  .   (no gloves)
Will    .....      NoCast   +   (no boots)
Stlth   +.........              (no amulet)
HPRegen 0.14/turn               o - ring of protection from cold
MPRegen 0.10/turn               (no ring)

@: no status effects
A: sickness immunity, AC +4, negative energy resistance 1, electricity
resistance, torment resistance 1, petrification resistance
a: Renounce Religion, Berserk, Trog's Hand


You were on level 5 of the Dungeon.
You worshipped Trog.
Trog was pleased with you.
You visited 1 branch of the dungeon, and saw 5 of its levels.

You collected 238 gold pieces.

Inventory:

Hand Weapons
 a - a +0 mace
 k - a +1 mace of holy wrath (weapon)
Missiles
 n - 3 poisoned darts (quivered)
 u - 6 boomerangs
Armour
 b - a +0 animal skin
 e - a +0 leather armour
 i - a +0 scale mail
 x - the +1 ring mail of Rotation (worn) {-Cast rC+ rN+ Dex+8}
   (You found it on level 4 of the Dungeon)

   Dex:       It affects your dexterity (+8).
   rC:        It protects you from cold.
   rN:        It protects you from negative energy.
   -Cast:     It prevents spellcasting.
Jewellery
 o - a ring of protection from cold (left hand)
 y - a +6 ring of intelligence
Wands
 p - a wand of quicksilver (12)
 s - a wand of flame (16)
Scrolls
 d - a scroll of vulnerability {unknown}
 h - 2 scrolls of teleportation
 q - a scroll of enchant armour {unknown}
 t - a scroll of summoning
 v - 2 scrolls of butterflies {unknown}
 A - a scroll of magic mapping {unknown}
Potions
 c - 2 potions of flight
 f - 4 potions of curing
 g - a potion of lignification {unknown}
 j - 2 potions of brilliance {unknown}
 l - 3 potions of heal wounds
 m - 4 potions of cancellation
 r - a potion of haste {unknown}
 w - a potion of might {unknown}
 z - a potion of mutation {unknown}


   Skills:
 + Level 5.4 Fighting
 * Level 6.5 Maces & Flails
 + Level 4.8 Armour
 - Level 1.5 Dodging


You had 6 spell levels left.
You didn't know any spells.
Your spell library was empty.

Dungeon Overview and Level Annotations

Branches:
Dungeon (5/15)             Temple (0/1) D:4

Altars:

Shops:
D:5 =


Innate Abilities, Weirdness & Mutations

You are immune to sickness and miasma.
Your stone body is resilient. (AC +4)
You are immune to poison.
You resist negative energy. (rN+)
You are resistant to electric shocks. (rElec)
You are resistant to unholy torment.
You are immune to petrification.


Message History

The gnoll is severely wounded.
The gnoll barely misses you.
You barely miss the gnoll.
The gnoll is severely wounded.
The gnoll barely misses you. The gnoll closely misses you.
You hit the gnoll.
The gnoll is almost dead.
The gnoll misses you.
You hit the gnoll.
You kill the gnoll!
Trog accepts your kill.
You start resting.
An ogre is nearby!
The ogre shouts!
There is a stone staircase leading down here.
There is a stone staircase leading up here.
You climb upwards.
There is a stone staircase leading down here.
You start resting.
HP restored.
You climb downwards.
The ogre hits you with a +0 giant spiked club!!
Ouch! That really hurt!
There is a stone staircase leading up here.
You hit the ogre.
The ogre is lightly wounded.
The ogre hits you with a +0 giant spiked club.
* * * LOW HITPOINT WARNING * * *
You barely miss the ogre.
The ogre is lightly wounded.
You sock the ogre!
The ogre is heavily wounded.
The ogre barely misses you.
You hit the ogre.
The ogre is severely wounded.
The ogre hits you but does no damage.
You hit the ogre but do no damage. You punch the ogre, but do no damage.
The ogre is severely wounded.
The ogre hits you with a +0 giant spiked club!
You die...

#..##
###...#
##.....#
##...####
#....#
#....##
#..##.##
##O###.##
#@# ##.##
#.#
##.###
###
##..###
##...#
#.### ###


You could see an ogre.

Vanquished Creatures
  A water moccasin (D:5)
  A necrophage (D:4)
  3 scorpions
  3 hounds
  Jessica (D:2)
  2 iguanas
  7 gnolls
  2 adders
  6 worms
  A dart slug (D:5)
  7 orcs
  4 endoplasms
  5 giant cockroaches
  8 goblins
  3 hobgoblins
  4 jackals (D:5)
  4 kobolds
  3 quokkas
  3 ball pythons
  4 bats
  2 frilled lizards
  4 rats
78 creatures vanquished.

Notes
Turn   | Place    | Note
-------+----------+-------------------------------------------
     0 | D:1      | snarfax the Gargoyle Berserker began the quest for the Orb.
     0 | D:1      | Reached XP level 1. HP: 14/14 MP: 1/1
   496 | D:1      | Found a faded altar of an unknown god.
   503 | D:1      | Reached XP level 2. HP: 19/19 MP: 2/2
   605 | D:1      | You fall into a shaft and drop 1 floor!
  1384 | D:2      | Reached XP level 3. HP: 17/24 MP: 3/3
  1887 | D:2      | Noticed Jessica
  1898 | D:2      | Killed Jessica
  1899 | D:2      | Reached skill level 4 in Maces & Flails
  1899 | D:2      | Reached XP level 4. HP: 28/29 MP: 4/4
  2368 | D:3      | Reached ** piety under Trog
  3085 | D:4      | Reached XP level 5. HP: 33/33 MP: 5/5
  3146 | D:4      | Found a staircase to the Ecumenical Temple.
  3149 | D:4      | Identified the +1 ring mail of Rotation {-Cast rC+ rN+
                  | Dex+8}
  3473 | D:4      | Reached skill level 5 in Maces & Flails
  3549 | D:4      | Reached XP level 6. HP: 19/39 MP: 6/6
  4061 | D:5      | Entered Level 5 of the Dungeon
  4350 | D:5      | Reached skill level 5 in Fighting
  4350 | D:5      | Reached XP level 7. HP: 12/44 MP: 7/7
  4505 | D:5      | Reached skill level 6 in Maces & Flails
  4586 | D:5      | Found Coloklou's Jewellery Emporium.
  4918 | D:5      | Slain by an ogre

Illustrated notes

Levels and vault maps discovered:
D:1:      dpeg_arrival_chambers_temple_mockup, layout_basic,
          chequers_ecumenical_altar_simple_redux
D:2:      layout_loops_ring, uniq_jessica
D:3:      layout_rooms
D:4:      layout_loops_ring, minmay_temple_entry_wispy, hangedman_decor_growths,
          nicolae_titane
D:5:      layout_layer_cave, serial_shops, shop

Skill      XL: |  1  2  3  4  5  6  7 |
---------------+----------------------+-----
Maces & Flails | 4 5 6 |  6.5
Armour         | 3 4 |  4.8
Fighting       | 4 5 |  5.4
Dodging        | |  1.5

Action                   |  1- 3 |  4- 6 |  7- 9 || total
-------------------------+-------+-------+-------++-------
Melee: Mace              |    73 |   175 |    38 ||   286
       Punch             |     1 |     2 |     1 ||     4
Throw: Dart              |     6 |       |     3 ||     9
Invok: Berserk           |       |     2 |       ||     2
       Trog's Hand       |       |       |     1 ||     1
  Use: Scroll            |       |     7 |       ||     7
Armor: Leather armour    |    14 |       |       ||    14
       Scale mail        |    22 |    64 |       ||    86
       Ring mail         |       |    16 |    19 ||    35
Dodge: Dodged            |    40 |    95 |    29 ||   164

Table legend: (Time is in decaauts)
 A = Elapsed time spent in this place.
 B = Non-inter-level travel time spent in this place.
 C = Inter-level travel time spent in this place.
 D = Time resting spent in this place.
 E = Time spent auto-exploring this place.
 F = Levels seen in this place.
 G = Mean time per level.
                   A        B        C        D        E       F      G
               +--------+--------+--------+--------+--------+-----+--------+
         Total |   4984 |   4735 |    249 |    402 |   3500 |   5 |  996.8 |
       Dungeon |   4984 |   4735 |    249 |    402 |   3500 |   5 |  996.8 |
               +--------+--------+--------+--------+--------+-----+--------+

Top non-repeatable levels by time:
     D:4: 1182 daAuts
     D:1: 1117 daAuts
     D:2: 1055 daAuts
     D:3: 899 daAuts
     D:5: 729 daAuts
